 Dungeon Crawl Stone Soup version 0.31-a0-164-g2312942fda (webtiles) character file.

Game seed: 11957903394969542518

70 qw the Shield-Bearer (level 4, -1/28 HPs)
             Began as a Gargoyle Fighter on June 13, 2023.
             Slain by Sigmund
             ... wielding a +7 scythe of freezing
              (13 damage)
             ... on level 2 of the Dungeon.
             The game lasted 00:00:36 (754 turns).

qw the Shield-Bearer (Gargoyle Fighter)              Turns: 754, Time: 00:00:37

Health: -1/28      AC: 10    Str: 22    XL:     4   Next: 21%
Magic:  4/4        EV:  8    Int:  8    God:
Gold:   69         SH:  8    Dex:  9    Spells: 3/3 levels left

rFire   . . .        Y - +1 war axe
rCold   . . .        k - +0 kite shield
rNeg    + . .        b - +0 scale mail
rPois   inf          (no helmet)
rElec   +            (no cloak)
rCorr   .            (no gloves)
SInv    .            (no boots)
Will    .....        (no amulet) Stlth
                     (no ring)
HPRegen 0.24/turn    (no ring)
MPRegen 0.09/turn

%: no passive effects
@: no status effects
A: sickness immunity, AC +3, negative energy resistance 1, electricity
resistance, torment resistance 1, petrification resistance
a: no special abilities


You were on level 2 of the Dungeon.
You visited 1 branch of the dungeon, and saw 2 of its levels.

You collected 69 gold pieces.


Innate Abilities, Weirdness & Mutations

You are immune to sickness and miasma.
Your stone body is resilient. (AC +3)
You are immune to poison.
You resist negative energy. (rN+)
You are resistant to electric shocks. (rElec)
You are resistant to unholy torment.
You are immune to petrification.


   Skills:
 - Level 3.2 Fighting
 + Level 3.4 Axes
 - Level 3.2 Armour
 - Level 4.0 Shields


You had 3 spell levels left.
You didn't know any spells.
Your spell library was empty.

Inventory:

Hand Weapons
 j - a +0 club
 Y - a +1 war axe (weapon)
Armour
 b - a +0 scale mail (worn)
 c - the +0 pair of boots of Xom's Regard {Regen+ Slay+2 Stlth+}
   (You found it on level 2 of the Dungeon)

   Slay:      It affects your accuracy & damage with ranged weapons and melee
   (+2).
   Regen:     It increases your rate of health regeneration.
   Stlth:     It makes you more stealthy.
 k - a +0 kite shield (worn)
Jewellery
 f - an amulet of faith
Scrolls
 a - a scroll of brand weapon {unknown}
 l - 2 scrolls of identify
Potions
 d - a potion of might
 e - a potion of heal wounds {unknown}
 g - a potion of degeneration {unknown}
 i - a potion of magic {unknown}
 n - 2 potions of curing {unknown}
 o - a potion of cancellation {unknown}

Dungeon Overview and Level Annotations

Branches:
Dungeon (2/15)

Altars:

Annotations:
D:2 Sigmund


Message History

The kobold drinks a potion.
The kobold suddenly seems more resistant.
You see here an amulet of guardian spirit.
Enter note:
Enter note:
744 ||| Stepping ~*~*~tactically~*~*~ (hiding).
Enter note:
Enter note: You start waiting.
A kobold is nearby!
Sigmund the Dreaded comes into view.
He is wielding a +7 scythe of freezing.
Sigmund shouts!
A giant cockroach comes into view.
Enter note:
Enter note: You slash the kobold!
You kill the kobold!
You block Sigmund's attack.
Found a scroll of teleportation.
Sigmund casts a spell.
Sigmund flickers and vanishes!
Deactivating autopickup; reactivate with Ctrl-A.
Enter note:
Enter note: You miss something.
Something hits you but does no damage. The giant cockroach barely misses you.
Something hits you. Something freezes you.
The giant cockroach bites you but does no damage.
Enter note:
Enter note: You slash the giant cockroach!
You kill the giant cockroach!
You completely miss something. Something hits you! Something freezes you.
You completely miss something. Something hits you. Something freezes you.
You miss something. Something hits you!
You die...

##.##..#. .# #....#
##..#..... ...#....#
##......... #.#....#
##..%##..... #......#
#....##...(. #.....#
##...#####.#
#....######....## #..
#..%.....##.....####.
#..{@# #.........###.
##..).# #.....##......
#.....###.....###.###.
#..##....#..8....#.###.
#? ####"#.....#.......
# #...%.....#..)##
##..%.#.#####...
####.#.# #... #...#
##..


There were no monsters in sight!

Vanquished Creatures
  3 adders (D:2)
  A dart slug (D:1)
  A bat (D:1)
  2 bat skeletons (D:2)
  3 endoplasms
  3 giant cockroaches
  4 goblins
  4 hobgoblins (D:1)
  4 quokkas
  2 ball pythons (D:1)
  A ball python zombie (D:2)
  2 frilled lizards
  5 kobolds
  4 rats
39 creatures vanquished.

Notes
Turn   | Place    | Note
-------+----------+-------------------------------------------
     0 | D:1      | qw the Gargoyle Fighter began the quest for the Orb.
     0 | D:1      | Reached XP level 1. HP: 14/14 MP: 1/1
     0 | D:1      | 0 ||| qw: Version: 0.2-a-29-gc1b59c4
     0 | D:1      | 0 ||| qw: Game counter: 4540
     0 | D:1      | 0 ||| qw: Always use a shield: true
     0 | D:1      | 0 ||| qw: God list: Okawaru
     0 | D:1      | 0 ||| qw: Allow faded altars: false
     0 | D:1      | 0 ||| qw: Do Orc after D:15 true
     0 | D:1      | 0 ||| qw: Do second Lair branch before Depths: true
     0 | D:1      | 0 ||| qw: Lair rune preference: random
     0 | D:1      | 0 ||| qw: Plans: Normal, Zot:1-4, Slime:5, God:TSO, Crypt,
                  | Tomb, Abyss, Pan, Hells, Win
     0 | D:1      | 0 ||| PLANNING D:1-11
     7 | D:1      | Noticed a draconian
     9 | D:1      | Noticed an ogre
    13 | D:1      | Noticed a tengu
    17 | D:1      | Noticed a minotaur skeleton
    17 | D:1      | Noticed a merfolk
   126 | D:1      | 126 ||| Stepping ~*~*~tactically~*~*~ (stealth).
   137 | D:1      | Reached XP level 2. HP: 19/19 MP: 2/2
   235 | D:1      | 235 ||| Stepping ~*~*~tactically~*~*~ (stealth).
   480 | D:1      | Reached skill level 3 in Axes
   482 | D:1      | Reached XP level 3. HP: 23/23 MP: 3/3
   586 | D:1      | 586 ||| UPGRADING to +0 kite shield.
   596 | D:1      | 596 ||| DROPPING +0 buckler.
   597 | D:1      | 597 ||| READING scroll labelled EBRIOD RINLYOMP.
   598 | D:1      | 598 ||| READING scroll labelled GEG UBBOYDGH.
   599 | D:1      | 599 ||| READING 2 scrolls labelled YRATAN KOUTWEJ.
   600 | D:1      | 600 ||| READING scroll labelled PUTESKA DUARIR.
   601 | D:1      | 601 ||| READING scroll labelled JISODE YCOAF.
   619 | D:2      | Identified the +0 pair of boots of Xom's Regard {Regen+
                  | Slay+2 Stlth+}
   659 | D:2      | 659 ||| Stepping ~*~*~tactically~*~*~ (stealth).
   685 | D:2      | Reached skill level 4 in Shields
   712 | D:2      | Reached XP level 4. HP: 28/28 MP: 4/4
   744 | D:2      | 744 ||| Stepping ~*~*~tactically~*~*~ (hiding).
   746 | D:2      | Noticed Sigmund
   754 | D:2      | Slain by Sigmund

Levels and vault maps discovered:
D:1:      shiori_arrival_whats_in_store_for_you, layout_rooms
D:2:      layout_rooms, serial_undead, serial_undead_e, serial_undead_d,
          serial_undead_f, serial_undead_c, serial_undead_d,
          basic_ecumenical_altar, uniq_jessica, uniq_sigmund

Skill      XL: |  1  2  3 |
---------------+----------+-----
Axes           | 2 3 |  3.4
Shields        | 4 |  4.0
Fighting       | |  3.2
Armour         | |  3.2

Action                     |  1- 3 |  4- 6 || total
---------------------------+-------+-------++-------
  Melee: War axe           |    98 |    18 ||   116
    Use: Scroll            |     5 |       ||     5
 Armour: Scale mail        |    51 |    12 ||    63
  Dodge: Dodged            |    32 |     2 ||    34
  Block: Buckler           |    13 |       ||    13
         Kite shield       |    17 |    14 ||    31

Table legend:
 A = Non-vault XP
 B = Vault XP
 C = Vault XP percentage of total XP
 D = Non-vault monster count
 E = Vault monster count
 F = Vault count percentage of total count
                 A         B        C        D         E       F
            +---------+---------+-------+---------+---------+-------
      Total |      95 |       5 |   5.0 |      36 |       3 |   7.7
            +---------+---------+-------+---------+---------+-------
        D:1 |      40 |       0 |   0.0 |      23 |       0 |   0.0
        D:2 |      55 |       5 |   8.3 |      13 |       3 |  18.8
            +---------+---------+-------+---------+---------+-------
